AoeStats
← Sodythaek

MegaRandom

509726717Analyzed
3v3 RM · 6d ago on Sep 27, 2026· 54m 11s· 6 players
Game mode
Random Map
Map size
Normal (6 player)
Population
200
Speed
Normal
Resources
Standard
Victory
Conquest
Starting age
Dark Age
Ending age
Imperial Age
RankedLock teamsTeams togetherTeam positionsShared explorationLock speedFull tech treeHidden civsTurbo modeCheats
Victory
Defeat
🇫🇷 Saxons · France
1325
+16
🇫🇷 Vikings · France
1308
+16
🇫🇷 Cumans · France
1293
+17
🇲🇹 Varangians · Malta
1350
-18
🇬🇪 Britons · Georgia
1314
-16
🇬🇧 Slavs · United Kingdom
1278
-15
boluwatifeajibade
6:37 Loom
8:52 Feudal Age
10:25 Double-Bit Axe
10:22 Horse Collar
20:57 Castle Age
20:18 Scale Barding Armor
20:26 Bloodlines
20:46 Gold Mining
20:49 Horse Collar
21:41 Forging
24:29 Bow Saw
27:44 Forging
31:54 Chain Barding Armor
33:56 Stone Mining
37:04 Imperial Age
35:41 Husbandry
36:17 Iron Casting
36:58 Gold Shaft Mining
37:33 Wheelbarrow
38:54 Plate Barding Armor
39:53 Hand Cart
39:04 Cavalier
41:55 Blast Furnace
43:42 Elite Boyar
46:45 Pikeman
47:25 Squires
47:57 Fletching
48:47 Halberdier
49:45 Bodkin Arrow
51:42 Scale Mail Armor
52:18 Light Cavalry
53:58 Chain Mail Armor
Vlast
10:24 Feudal Age
10:11 Loom
13:24 Double-Bit Axe
16:17 Castle Age
14:26 Padded Archer Armor
14:16 Fletching
16:14 Gold Mining
17:33 Bow Saw
21:39 Crossbowman
26:22 Bodkin Arrow
28:48 Leather Archer Armor
33:08 Yeomen
46:45 Imperial Age
45:17 Pikeman
45:58 Squires
47:27 Wheelbarrow
bigmen
10:04 Feudal Age
8:23 Loom
10:08 Feudal Age
12:08 Double-Bit Axe
14:31 Castle Age
17:37 Horse Collar
20:42 Town Watch
24:08 Fletching
24:25 Scale Barding Armor
26:50 Wheelbarrow
26:10 Fishing Lines
27:31 Bow Saw
27:27 Heavy Plow
28:24 Bloodlines
28:15 Husbandry
28:28 Gold Mining
29:40 Hand Cart
29:57 Forging
29:49 Husbandry
30:42 Gillnets
31:46 Iron Casting
31:32 Chain Barding Armor
30:55 Light Cavalry
35:28 Imperial Age
35:00 Masonry
35:00 Stone Mining
36:02 Town Patrol
36:32 Conscription
36:55 Plate Barding Armor
37:53 Blast Furnace
36:59 Elite Jarl
37:54 Bodkin Arrow
38:27 Ballistics
37:50 Vendel Legacy
37:55 Cavalier
39:59 Caravan
40:32 Coinage
40:10 Bracer
40:53 Onager
42:05 Siege Engineers
44:39 Hussar
48:43 Chemistry
48:13 Architecture
47:26 Treadmill Crane
51:41 Capped Ram
53:58 Banking
archimonde
10:44 Feudal Age
12:10 Double-Bit Axe
14:38 Castle Age
13:19 Horse Collar
15:55 Bow Saw
18:41 Fishing Lines
22:07 Wheelbarrow
21:49 Gillnets
22:39 Loom
22:42 Town Watch
23:23 Heavy Plow
28:04 Imperial Age
26:41 Hand Cart
27:03 Scale Mail Armor
27:17 Squires
27:13 Gold Mining
29:06 Chain Mail Armor
29:51 Forging
29:11 Pikeman
31:46 Gold Shaft Mining
32:12 Two-Man Saw
31:05 Stone Mining
33:15 Two-Man Saw
33:22 Plate Mail Armor
33:36 Conscription
35:05 Crop Rotation
36:51 Chemistry
36:48 Iron Casting
36:31 Elite Hearth Troop
36:36 Shield Wall
37:31 Fletching
37:37 Guard Tower
37:32 Arrowslits
38:26 Pikeman
39:45 Bodkin Arrow
39:51 Padded Archer Armor
39:20 Halberdier
40:31 Bracer
43:37 Ballistics
43:53 Keep
43:36 Leather Archer Armor
45:18 Ring Archer Armor
45:29 Masonry
45:00 Treadmill Crane
45:20 Man-at-Arms
45:45 Gambesons
45:46 Arson
46:22 Elite Varangian Guard
47:23 Murder Holes
47:59 Architecture
50:00 Hoardings
49:36 Scale Barding Armor
Sodythaek
6:54 Loom
9:16 Feudal Age
11:27 Double-Bit Axe
19:54 Castle Age
20:37 Fletching
20:48 Padded Archer Armor
22:12 Bodkin Arrow
25:34 Crossbowman
26:18 Gold Mining
26:16 Horse Collar
28:05 Leather Archer Armor
29:16 Bow Saw
30:14 Ballistics
32:37 Clinker Construction
36:02 Imperial Age
34:08 Elite Skirmisher
35:56 Heavy Plow
36:44 Town Watch
38:31 Chemistry
37:56 Gold Mining
37:58 Stone Mining
40:01 Two-Man Saw
39:30 Bracer
39:53 Arbalester
40:38 Pikeman
41:52 Ring Archer Armor
41:26 Scale Mail Armor
42:06 Arson
42:21 Squires
42:42 Forging
45:15 Light Cavalry
47:15 Chain Mail Armor
47:35 Iron Casting
51:08 Blast Furnace
Guizz
7:24 Loom
10:12 Feudal Age
11:36 Double-Bit Axe
13:46 Gold Mining
14:09 Horse Collar
22:12 Castle Age
21:18 Bloodlines
21:38 Scale Barding Armor
21:45 Stone Mining
22:23 Light Cavalry
25:07 Fletching
34:03 Wheelbarrow
34:11 Wheelbarrow
36:24 Bow Saw
37:11 Gold Mining
43:13 Imperial Age
41:31 Chain Barding Armor
42:21 Gold Shaft Mining
42:54 Forging
43:27 Heavy Plow
44:05 Hussar
46:02 Plate Barding Armor
46:02 Cavalier
49:13 Chemistry
48:35 Ballistics
49:37 Hand Cart
50:15 Paladin
52:36 Iron Casting
51:57 Bodkin Arrow
Connection lost

Rejoining the realm…

Still unreachable

The connection could not be restored.

Session expired

The server has moved on; the page needs a fresh start.